 Dungeon Crawl Stone Soup version 0.19.1-1-g22dce08 (webtiles) character file.

6866 Mefis the Thaumaturge (level 10, -6/50 HPs)
             Began as a Deep Elf Wizard on Jan 20, 2017.
             Was a Believer of Sif Muna.
             Mangled by a freezing wraith (10 damage)
             ... led by a death knight
             ... on level 11 of the Dungeon.
             The game lasted 00:42:28 (15910 turns).

Mefis the Thaumaturge (Deep Elf Wizard)            Turns: 15910, Time: 00:42:29

Health: -6/50      AC:  5    Str:  4    XL:     10   Next: 78%
Magic:  29/36      EV: 16    Int: 27    God:    Sif Muna [**....]
Gold:   259        SH:  0    Dex: 13    Spells: 9 memorised, 14 levels left

rFire  + . .     SeeInvis .     a - +3 flail (crush)
rCold  . . .     Gourm    .     t - +0 robe
rNeg   . . .     Faith    .     (no shield)
rPois  .         Spirit   .     l - +0 helmet
rElec  .         Reflect  .     T - +0 cloak
rCorr  .         Harm     .     V - +0 pair of gloves
MR     +....                    (no boots)
Stlth  +++.......               (no amulet)
                                k - ring of magical power
                                G - ring of protection from fire

@: studying Crossbows, repel missiles
A: no striking features
a: Divine Energy, Renounce Religion


You were on level 11 of the Dungeon.
You worshipped Sif Muna.
Sif Muna was pleased with you.
You were not hungry.

You visited 2 branches of the dungeon, and saw 12 of its levels.

You collected 649 gold pieces.
You spent 390 gold pieces at shops.

Inventory:

Hand Weapons
 a - a +3 flail of crushing (weapon)
 b - a +0 hunting sling
Missiles
 q - 13 poisoned needles
 Q - 21 sling bullets
 U - 6 silver javelins (quivered)
Armour
 l - a +0 helmet (worn)
 t - a +0 robe (worn)
 T - a +0 cloak (worn)
 V - a +0 pair of gloves (worn)
Jewellery
 k - a ring of magical power (right hand)
 G - a ring of protection from fire (left hand)
Wands
 n - a wand of confusion (23/48)
 p - a wand of iceblast (0/15)
 C - a wand of paralysis (10/24)
 I - a wand of confusion (18/48)
 N - a wand of heal wounds (0/9)
 O - a wand of slowing (22/48)
 X - a wand of disintegration (0/24)
Scrolls
 f - 3 scrolls of teleportation
 h - a scroll of random uselessness {unknown}
 i - 5 scrolls of enchant weapon
 j - 2 scrolls of noise
 o - 3 scrolls of remove curse
 u - a scroll of magic mapping {unknown}
 y - 2 scrolls of recharging
 F - a scroll of fear
 J - 2 scrolls of holy word {unknown}
 K - a scroll of amnesia
 R - 3 scrolls of enchant armour
 Y - a scroll of vulnerability
Potions
 e - a potion of flight
 m - 4 potions of might
 s - a potion of lignification {unknown}
 w - a potion of beneficial mutation {unknown}
 x - 3 potions of cancellation
 z - a potion of cure mutation {unknown}
 A - 2 potions of haste
 B - 2 potions of curing {unknown}
 D - 4 potions of brilliance
 E - 2 potions of agility {unknown}
 H - a potion of resistance {unknown}
 W - a potion of mutation {unknown}
Books
 c - a book of Minor Magic

   Spells                             Type                      Level
   a - Magic Dart                     Conjuration                  1
   b - Blink                          Translocation                2
   c - Call Imp                       Summoning                    2
   d - Repel Missiles                 Charms/Air                   2
   e - Slow                           Hexes                        2
   f - Conjure Flame                  Conjuration/Fire             3
   g - Mephitic Cloud                 Conjuration/Poison/Air       3
 L - a book of Cantrips

   Spells                             Type                      Level
   a - Confusing Touch                Hexes                        1
   b - Animate Skeleton               Necromancy                   1
   c - Summon Small Mammal            Summoning                    1
   d - Apportation                    Translocation                1
 M - a book of Changes

   Spells                             Type                      Level
   a - Beastly Appendage              Transmutation                1
   b - Sticks to Snakes               Transmutation                2
   c - Spider Form                    Transmutation/Poison         3
   d - Ice Form                       Ice/Transmutation            4
   e - Blade Hands                    Transmutation                5
 Z - a manual of Crossbows
Comestibles
 d - 4 bread rations
 g - 8 slices of pizza
 r - 2 royal jellies
 v - 2 beef jerkies
 P - 5 chunks of flesh
 S - 3 fruits


   Skills:
   Level 3.7 Short Blades
 + Level 7.1 Dodging
 - Level 6.3 Stealth
 * Level 11.1 Spellcasting
 + Level 6.1 Conjurations
 + Level 6.4 Hexes
 - Level 1.1 Summonings
 + Level 4.3 Necromancy
 - Level 1.1 Translocations
 - Level 4.4 Air Magic
 - Level 4.5 Poison Magic
 + Level 3.8 Invocations
 + Level 4.2 Evocations


You had 14 spell levels left.
You knew the following spells:

 Your Spells              Type           Power        Failure   Level  Hunger
a - Magic Dart            Conj           ####         1%          1    None
b - Call Imp              Summ           ###.....     4%          2    None
c - Blink                 Tloc           N/A          4%          2    None
d - Repel Missiles        Chrm/Air       ####..       1%          2    None
e - Mephitic Cloud        Conj/Pois/Air  #####...     1%          3    None
f - Conjure Flame         Conj/Fire      ####....     3%          3    None
g - Slow                  Hex            #####...     1%          2    None
m - Animate Skeleton      Necr           N/A          1%          1    None
A - Confusing Touch       Hex            #####.       1%          1    None


Dungeon Overview and Level Annotations

Branches:
Dungeon (11/15)            Temple (1/1) D:6             Orc (0/2) D:10
   Lair: D:8-11

Altars:
Ashenzari
Cheibriados
Dithmenos
Elyvilon
Fedhas
Gozag
Hepliaklqana
Kikubaaqudgha
Makhleb
Nemelex Xobeh
Okawaru
Qazlal
Ru
Sif Muna
Trog
Uskayaw
Vehumet
Xom
Yredelemnul
Zin
The Shining One

Shops:
D:9 *

Annotations:
D:8 Paps's ghost, novice DEFE
D:10 exclusion: upstairs


Message History

Confirm with . or Enter, or press ? or * to list all spells.
Okay, then.
Casting: Blink
Confirm with . or Enter, or press ? or * to list all spells.
You blink.
Okay, then.
Okay, then.
Found a lumpy cabochon amulet.
You open the door.
An adder comes into view.
The adder hisses angrily.
There is an open door here.
Casting: Blink
Confirm with . or Enter, or press ? or * to list all spells.
You blink.
The adder misses you.
Casting: Blink
Confirm with . or Enter, or press ? or * to list all spells.
You blink.
The freezing wraith hits you!
You die...

..(.........#............#
............#............#
..>.........#............#
#.####.##...##...........#
####'##...##.....# ....#
#.<..#....######'##....#
#....#.................##
#....#...........S......#
#...z#........@W.ยง......#
####W##...#########.....#
#.##...# .....# #......#
"..## #......# ...#
#......# ..# #......#
#......# #..##..#


You could see a freezing wraith and an adder.

Vanquished Creatures
  Pikel (D:5)
  A deep elf mage (D:6)
  A cyclops (D:10)
  A troll (D:10)
  A two-headed ogre (D:9)
  A hornet (D:9)
  3 hippogriffs
  Sigmund (D:5)
  2 hungry ghosts
  A basilisk (D:9)
  An orc warrior (D:9)
  3 sky beasts
  A slave (D:5)
  An ice beast (D:9)
  A black bear (D:10)
  3 phantoms
  An eye of draining (D:9)
  5 ogres
  2 centaurs
  The ghost of dscm the Sneak, an amateur OpEn (D:4)
  A big kobold (D:9)
  Blork the orc (D:5)
  8 bullfrogs
  A wyvern zombie (D:9)
  3 scorpions
  4 wights
  A howler monkey (D:7)
  4 crimson imps
  A bullfrog zombie (D:5)
  A quasit (D:9)
  A centaur skeleton (D:4)
  6 hounds
  3 jellies
  3 orc priests
  3 bullfrog skeletons
  3 orc wizards
  Terence (D:3)
  4 iguanas
  5 worker ants
  2 hound skeletons
  Robin (D:2)
  9 gnolls
  2 howler monkey skeletons
  15 adders
  2 shadow imps
  3 oozes
  An adder skeleton (D:9)
  4 worms
  5 dart slugs
  5 leopard geckos
  16 orcs
  3 giant cockroaches
  18 goblins
  5 hobgoblins
  10 jackals
  5 quokkas
  A ball python (D:2)
  9 bats
  3 frilled lizards
  10 kobolds
  A quokka skeleton (D:5)
  3 rats
219 creatures vanquished.

Vanquished Creatures (collateral kills)
  An orc warrior (D:6)
  A bullfrog (D:8)
  The ghost of dscm the Sneak, a weakling OpEn (D:5)
  A crimson imp (D:9)
  An iguana (D:6)
  The ghost of dscm the Sneak, a weakling OpEE (D:3)
  An adder (D:10)
  2 gnolls (D:3)
  An orc (D:6)
  A goblin (D:2)
11 creatures vanquished.

Grand Total: 230 creatures vanquished

Notes
Turn   | Place    | Note
-------+----------+-------------------------------------------
     0 | D:1      | Mefis the Deep Elf Wizard began the quest for the Orb.
     0 | D:1      | Reached XP level 1. HP: 10/10 MP: 7/7
   253 | D:1      | Reached XP level 2. HP: 15/15 MP: 6/9
   262 | D:1      | Learned a level 2 spell: Call Imp
   265 | D:1      | Learned a level 2 spell: Blink
   268 | D:1      | Learned a level 2 spell: Repel Missiles
   852 | D:2      | Reached XP level 3. HP: 19/19 MP: 6/11
   857 | D:2      | Learned a level 3 spell: Mephitic Cloud
   931 | D:2      | Noticed Robin
   949 | D:2      | Reached skill level 5 in Spellcasting
  1123 | D:2      | Killed Robin
  1675 | D:2      | Found an ancient bone altar of Kikubaaqudgha.
  1737 | D:2      | Reached XP level 4. HP: 21/24 MP: 4/13
  1742 | D:2      | Learned a level 3 spell: Conjure Flame
  1932 | D:2      | Found a glowing golden altar of the Shining One.
  2300 | D:3      | Noticed Terence
  2313 | D:3      | Killed Terence
  2313 | D:3      | Reached skill level 1 in Short Blades
  2544 | D:3      | Found a faded altar of an unknown god.
  2638 | D:3      | Reached XP level 5. HP: 16/28 MP: 8/15
  2972 | D:3      | Reached skill level 1 in Air Magic
  3206 | D:3      | Noticed dscm's ghost (weakling OpEE)
  3218 | D:3      | Killed dscm's ghost
  3223 | D:3      | Noticed a centaur
  3232 | D:3      | Killed a centaur
  3232 | D:3      | Reached skill level 1 in Poison Magic
  3540 | D:4      | Noticed dscm's ghost (amateur OpEn)
  3916 | D:3      | Reached XP level 6. HP: 32/32 MP: 3/16
  4012 | D:3      | Learned a level 2 spell: Slow
  4042 | D:3      | Reached skill level 6 in Spellcasting
  4070 | D:3      | Found a sacrificial altar of Ru.
  4509 | D:4      | Reached skill level 1 in Hexes
  4862 | D:4      | Reached XP level 7. HP: 28/36 MP: 5/18
  5263 | D:4      | Reached skill level 5 in Stealth
  5449 | D:4      | Found a hide-covered altar of Uskayaw.
  5959 | D:5      | Entered Level 5 of the Dungeon
  6159 | D:5      | Noticed dscm's ghost (weakling OpEn)
  6165 | D:5      | Killed dscm's ghost
  6667 | D:5      | Reached skill level 7 in Spellcasting
  6806 | D:5      | Noticed Sigmund
  6818 | D:5      | Killed Sigmund
  6818 | D:5      | Reached XP level 8. HP: 41/41 MP: 9/21
  7096 | D:5      | Noticed Blork the orc
  7117 | D:5      | Killed Blork the orc
  7236 | D:4      | Killed dscm's ghost
  7301 | D:5      | Noticed Pikel
  7325 | D:5      | Killed Pikel
  7325 | D:5      | Reached skill level 5 in Dodging
  7325 | D:5      | Reached skill level 8 in Spellcasting
  7626 | D:6      | Found a staircase to the Ecumenical Temple.
  7631 | Temple   | Entered the Ecumenical Temple
  7647 | Temple   | Became a worshipper of Sif Muna the Loreminder
  8061 | D:6      | Learned a level 1 spell: Animate Skeleton
  8063 | D:6      | Learned a level 1 spell: Confusing Touch
  8310 | D:6      | Reached skill level 1 in Necromancy
  8310 | D:6      | Reached XP level 9. HP: 45/45 MP: 10/23
  8442 | D:6      | Noticed a deep elf mage
  8455 | D:6      | Killed a deep elf mage
  8814 | D:6      | Reached skill level 9 in Spellcasting
  8888 | D:6      | Reached skill level 1 in Evocations
  9082 | D:6      | Found a white marble altar of Elyvilon.
  9791 | D:7      | Reached skill level 1 in Invocations
  9885 | D:7      | Reached * piety under Sif Muna
 10308 | D:7      | Reached skill level 5 in Conjurations
 10308 | D:7      | Reached skill level 5 in Hexes
 10713 | D:7      | Found a faded altar of an unknown god.
 10713 | D:7      | Found a faded altar of an unknown god.
 10718 | D:7      | Found a hazy altar of Hepliaklqana.
 10730 | D:7      | Found a faded altar of an unknown god.
 10733 | D:7      | Found a faded altar of an unknown god.
 10783 | D:8      | Noticed Paps's ghost (novice DEFE)
 12534 | D:9      | Reached XP level 10. HP: 50/50 MP: 11/25
 12947 | D:9      | Found Zof Fups's Assorted Antiques.
 12962 | D:9      | Reached skill level 10 in Spellcasting
 12994 | D:9      | Bought a papyrus manual for 390 gold pieces
 13448 | D:9      | Reached ** piety under Sif Muna
 14228 | D:10     | Entered Level 10 of the Dungeon
 14565 | D:10     | Found a staircase to the Orcish Mines.
 15055 | D:10     | Reached skill level 11 in Spellcasting
 15609 | D:9      | Noticed a rust devil
 15609 | D:9      | Noticed a rust devil
 15836 | D:10     | Noticed a cyclops
 15855 | D:10     | Killed a cyclops
 15890 | D:10     | HP: 1/50 [something (9)]
 15910 | D:11     | Mangled by a freezing wraith

Skill      XL: |  1  2  3  4  5  6  7  8  9 10 |
---------------+-------------------------------+-----
Stealth        | 3 4 5 6 |  6.3
Spellcasting   | 5 6 7 8 9 11 | 11.1
Conjurations   | 2 3 4 5 6 |  6.1
Short Blades   | 1 2 3 |  3.7
Dodging        | 3 4 5 6 7 |  7.1
Air Magic      | 1 2 3 4 |  4.4
Poison Magic   | 1 2 3 4 |  4.5
Hexes          | 1 3 4 5 6 |  6.4
Necromancy     | 1 2 4 |  4.3
Evocations     | 2 4 |  4.2
Invocations    | 2 3 |  3.8
Summonings     | |  1.1
Translocations | |  1.1

Action                   |  1- 3 |  4- 6 |  7- 9 | 10-12 || total
-------------------------+-------+-------+-------+-------++-------
Melee: Short sword       |     7 |     3 |       |       ||    10
       Flail             |       |    29 |    28 |    23 ||    80
       Dagger            |       |       |     4 |       ||     4
 Fire: Hunting sling     |       |     6 |    52 |       ||    58
       Blowgun           |       |       |       |    12 ||    12
Throw: Javelin           |       |       |    12 |       ||    12
 Cast: Magic Dart        |   102 |   162 |   419 |   212 ||   895
       Repel Missiles    |     1 |       |       |     1 ||     2
       Call Imp          |     3 |     4 |    25 |     1 ||    33
       Mephitic Cloud    |     1 |    10 |    23 |    28 ||    62
       Conjure Flame     |       |     2 |    22 |     6 ||    30
       Animate Skeleton  |       |       |     9 |     9 ||    18
       Blink             |       |       |     1 |    13 ||    14
       Confusing Touch   |       |       |     1 |       ||     1
Evoke: Wand              |       |       |       |     8 ||     8
  Use: Scroll            |       |       |    13 |     4 ||    17
 Stab: Sleeping          |     1 |     2 |       |     1 ||     4
       Confused          |       |     2 |     1 |     2 ||     5
       Distracted        |       |       |       |     1 ||     1
  Eat: Chunk             |     2 |     5 |    15 |     7 ||    29
       Bread ration      |       |     1 |     1 |     1 ||     3
       Meat ration       |       |       |     1 |       ||     1
Armor: Robe              |     4 |     8 |     8 |    24 ||    44
Dodge: Dodged            |    29 |    42 |    68 |    71 ||   210
       Deflected         |     1 |       |     2 |     1 ||     4
